 Dungeon Sprint DCSS version 0.29-a0-620-g13ace881f2 (webtiles) character file.

Game seed: 4646695232090240508

69 shadowstone the Covered (level 4, -8/31 HPs)
             Began as a Gargoyle Fighter on June 18, 2022.
             Mangled by a gnoll sergeant
             ... wielding a +2 trident of pain
              (10 damage)
             ... in the Dungeon (Sprint IX: "|||||||||||||||||||||||||||||").
             The game lasted 00:00:16 (132 turns).

shadowstone the Covered (Gargoyle Fighter)           Turns: 132, Time: 00:00:16

Health: -8/31      AC:  3    Str: 22    XL:     4   Next: 20%
Magic:  4/4        EV:  9    Int:  8    God:
Gold:   0          SH:  4    Dex:  9    Spells: 3/3 levels left

rFire   . . .      SeeInvis .   a - +0 long sword
rCold   . . .      Faith    .   c - +0 buckler
rNeg    + . .      Spirit   .   b - +0 scale mail
rPois   ∞          Reflect  .   (no helmet)
rElec   +          Harm     .   (no cloak)
rCorr   .          Rampage  .   (no gloves)
Will    .....      NoTele   +   (no boots)
Stlth   ..........              (no amulet)
HPRegen 0.10/turn               (no ring)
MPRegen 0.09/turn               (no ring)

@: corroded
A: sickness immunity, AC +3, negative energy resistance 1, electricity
resistance, torment resistance 1, petrification resistance
a: no special abilities


You were in the Dungeon.
You visited 1 branch

Inventory:

Hand Weapons
 a - a +0 long sword (weapon)
Armour
 b - a +0 scale mail (worn)
 c - a +0 buckler (worn)
Scrolls
 j - a scroll of blinking
Potions
 d - a potion of might
 e - a potion of curing
 f - a potion of heal wounds
 g - a potion of haste
 h - 2 potions of magic
 i - a potion of berserk rage


   Skills:
 + Level 5.2 Fighting
 + Level 4.1 Long Blades
 + Level 5.4 Armour
 + Level 0.4 Dodging
 + Level 5.1 Shields


You had 3 spell levels left.
You didn't know any spells.
Your spell library was empty.

Dungeon Overview and Level Annotations

Branches:
Dungeon (1/1)

Altars:


Innate Abilities, Weirdness & Mutations

You are immune to sickness and miasma.
Your stone body is resilient. (AC +3)
You are immune to poison.
You resist negative energy. (rN+)
You are resistant to electric shocks. (rElec)
You are resistant to unholy torment.
You are immune to petrification.


Message History

The scorpion is moderately wounded.
The scorpion closely misses you.
The scorpion stings you but does no damage.
You barely miss the scorpion.
The scorpion is moderately wounded.
The scorpion stings you. You block the scorpion's attack.
You hit the scorpion.
The scorpion is severely wounded.
The scorpion completely misses you.
You barely miss the scorpion.
The scorpion is severely wounded.
The scorpion closely misses you. The scorpion barely misses you.
You hit the scorpion.
You kill the scorpion!
The jelly hits you but does no damage.
Your Fighting skill increases to level 5!
Your Long Blades skill gained 2 levels and is now at level 4!
Your Armour skill increases to level 5!
Your Shields skill increases to level 5!
You have reached level 3!
Your experience leads to an increase in your attributes!
Increase (S)trength, (I)ntelligence, or (D)exterity?
You feel stronger. x2
You have reached level 4!
You feel stronger.
You hit the jelly. The acid corrodes you!
Your hands burn!
The jelly is moderately wounded.
The gnoll sergeant hits you from afar with a +2 trident of pain.
The jelly hits you but does no damage.
You hit the jelly but do no damage.
Your hands burn!
* * * LOW HITPOINT WARNING * * *
The jelly is moderately wounded.
The gnoll sergeant hits you from afar with a +2 trident of pain.
* * * LOW HITPOINT WARNING * * *
The jelly hits you but does no damage.
You hit the jelly but do no damage. The acid corrodes you!
Your hands burn!
* * * LOW HITPOINT WARNING * * *
The jelly is moderately wounded.
The gnoll sergeant hits you from afar with a +2 trident of pain!
You die...

▓.▓
▓.▓
▓.▓
▓'▓
▓)▓
▓.▓
▓.▓
▓.▓
▓@▓
▓J▓
▓g▓
▓.▓
▓.▓
▓.▓
▓.▓
▓+▓


You could see a gnoll sergeant and a jelly.

Vanquished Creatures
  A scorpion (D)
  A dart slug (D)
  2 orcs (D)
  A goblin (D)
  A kobold (D)
  A ball python (D)
  A frilled lizard (D)
8 creatures vanquished.

Notes
Turn   | Place    | Note
-------+----------+-------------------------------------------
     0 | D        | shadowstone the Gargoyle Fighter began the quest for the
                  | Orb.
     0 | D        | Reached XP level 1. HP: 14/14 MP: 1/1
    25 | D        | Reached XP level 2. HP: 14/20 MP: 2/2
   113 | D        | Noticed a scorpion
   113 | D        | Noticed a gnoll sergeant
   129 | D        | Killed a scorpion
   130 | D        | Reached skill level 5 in Fighting
   130 | D        | Reached skill level 5 in Armour
   130 | D        | Reached skill level 5 in Shields
   130 | D        | Reached XP level 3. HP: 16/26 MP: 3/3
   130 | D        | Reached XP level 4. HP: 19/31 MP: 4/4
   132 | D        | Mangled by a gnoll sergeant

Illustrated notes

Levels and vault maps discovered:
D:        linesprint [early_d, line_temple, items_1, d_10, items_2, lair_1,
          lair_end, items_3, orc_1, orc_end, items_4, d_15, swamp_1, shoals_1,
          snake_1, spider_1, d_20, vaults_1, items_5, swamp_end, shoals_end,
          snake_end, spider_end, vaults_end, d_27, items_6, zot_1, zot_end,
          crypt_end, forest_end, elf_end, slime_end, tomb_end, abyss_end,
          pan_hell_end]

Skill      XL: |  1  2 |
---------------+-------+-----
Long Blades    | 2 4 |  4.1
Shields        | 4 5 |  5.1
Fighting       | 5 |  5.2
Armour         | 5 |  5.4
Dodging        | |  0.4

Action                   |  1- 3 |  4- 6 || total
-------------------------+-------+-------++-------
Melee: Long sword        |    36 |     3 ||    39
Armor: Scale mail        |    19 |     2 ||    21
Dodge: Dodged            |    13 |       ||    13
Block: Buckler           |     7 |       ||     7

Table legend: (Time is in decaauts)
 A = Elapsed time spent in this place.
 B = Non-inter-level travel time spent in this place.
 C = Inter-level travel time spent in this place.
 D = Time resting spent in this place.
 E = Time spent auto-exploring this place.
 F = Levels seen in this place.
 G = Mean time per level.
                   A        B        C        D        E       F      G
               +--------+--------+--------+--------+--------+-----+--------+
         Total |    144 |    144 |      0 |     83 |      0 |   1 |  144.0 |
       Dungeon |    144 |    144 |      0 |     83 |      0 |   1 |  144.0 |
               +--------+--------+--------+--------+--------+-----+--------+

Top non-repeatable levels by time:
       D: 144 daAuts
